[Event "7th Capablanca Memorial GM 2019"]
[Site "Anogia"]
[Date "2019.09.15"]
[Round "5.5"]
[White "David, Alberto"]
[Black "Osmak, Iulija"]
[Result "1/2-1/2"]
[ECO "A34"]
[WhiteElo "2533"]
[BlackElo "2408"]
[Annotator "ChessBase"]
[PlyCount "100"]
[EventDate "2019.09.11"]
[EventType "tourn"]
[EventCountry "GRE"]
[SourceTitle "playchess.com"]
[Source "ChessBase"]
[SourceQuality "1"]
[TimeControl "40/5400+30:1800+30"]

1. c4 e6 2. g3 Nf6 3. Bg2 d5 4. Nf3 Be7 5. O-O O-O 6. d3 c5 7. cxd5 Nxd5 8. Nc3 Nc6 9. Bd2 b6 10. d4 Nxd4 11. Nxd4 cxd4 12. Nxd5 exd5 13. Qa4 Bf6 14. Rfe1 Bf5 15. Rac1 Re8 16. Qb3 Be4 17. Bh3 h6 18. Bf4 Bg5 19. Bxg5 Qxg5 20. Qd1 Qf6 21. Qd2 Re7 22. Rcd1 Rc7 23. Qxd4 Qxd4 24. Rxd4 Rc2 25. f3 Bg6 26. Rb4 Re8 27. Bf1 Bd3 28. Kf2 Re6 29. Rd4 Bb5 30. b3 Rxa2 31. Rxd5 a6 32. Rd8+ Kh7 33. Rc8 Rb2 34. Rc7 Rxb3 35. Rxf7 Rb2 36. h4 a5 37. h5 Be8 38. Ra7 Bxh5 39. Rc1 Rf6 40. Rcc7 Bxf3 41. Kg1 Rb1 42. exf3 Rxf3 43. Rxg7+ Kh8 44. Rh7+ Kg8 45. Rhg7+ Kf8 46. Rgb7 Rbxf1+ 47. Kg2 Rf7 48. Ra8+ Kg7 49. Rxb6 h5 50. Rb2 R1f5 1/2-1/2

[Event "7th Capablanca Memorial GM 2019"]
[Site "Anogia"]
[Date "2019.09.16"]
[Round "6.1"]
[White "Moiseenko, Vadim"]
[Black "Osmak, Iulija"]
[Result "1/2-1/2"]
[ECO "A05"]
[WhiteElo "2543"]
[BlackElo "2408"]
[Annotator "ChessBase"]
[PlyCount "21"]
[EventDate "2019.09.11"]
[EventType "tourn"]
[EventCountry "GRE"]
[SourceTitle "playchess.com"]
[Source "ChessBase"]
[SourceQuality "1"]
[TimeControl "40/5400+30:1800+30"]

1. c3 b6 2. d3 Bb7 3. Nd2 Nf6 4. Ngf3 g6 5. g3 Bg7 6. Bg2 O-O 7. O-O d6 8. Qc2 Nbd7 9. Re1 e6 10. b3 Qe7 11. Bb2 1/2-1/2

[Event "7th Capablanca Memorial GM 2019"]
[Site "Anogia"]
[Date "2019.09.16"]
[Round "6.3"]
[White "Audi Ameya"]
[Black "Dushyant Sharma"]
[Result "1-0"]
[ECO "C50"]
[WhiteElo "2329"]
[BlackElo "2242"]
[Annotator "ChessBase"]
[PlyCount "129"]
[EventDate "2019.09.11"]
[EventType "tourn"]
[EventCountry "GRE"]
[SourceTitle "playchess.com"]
[Source "ChessBase"]
[SourceQuality "1"]
[TimeControl "40/5400+30:1800+30"]

1. e4 e5 2. Nf3 Nc6 3. Bc4 Bc5 4. O-O Nf6 5. Re1 O-O 6. d3 a6 7. c3 d6 8. a4 Ba7 9. h3 h6 10. Nbd2 Ne7 11. Nf1 Ng6 12. Ng3 Be6 13. Bxe6 fxe6 14. Qb3 Qc8 15. d4 exd4 16. Nxd4 Re8 17. Nf3 d5 18. Qc2 Nf8 19. a5 c6 20. e5 N6h7 21. Ra4 Re7 22. Rg4 Kh8 23. h4 Qe8 24. h5 Rf7 25. Re2 Nd7 26. Nh4 Nhf8 27. Ng6+ Nxg6 28. hxg6 Rxf2 29. Rxf2 Bxf2+ 30. Kxf2 Nxe5 31. Rb4 Qe7 32. Kg1 Rf8 33. Rf4 Rf6 34. Be3 Nxg6 35. Rxf6 Qxf6 36. Nh5 Qh4 37. Qe2 Kh7 38. Bd4 e5 39. Bf2 Qg5 40. Be3 Qh4 41. Qf3 Qe1+ 42. Kh2 Qh4+ 43. Qh3 Qe7 44. Qf5 Qh4+ 45. Qh3 Qe7 46. Ng3 Qf6 47. Nf5 c5 48. g4 Nf4 49. Bxf4 exf4 50. Qh4 g5 51. Qe1 h5 52. Qe8 hxg4 53. Qd7+ Kh8 54. Qxd5 g3+ 55. Kg1 Qf8 56. Qd7 Kg8 57. Ne7+ Kf7 58. Nc6+ Kg8 59. Ne5 Qf6 60. Qc8+ Kg7 61. Qxb7+ Kg8 62. Qb8+ Kh7 63. Qc7+ Kg8 64. Qxc5 Qd8 65. Qc4+ 1-0

[Event "7th Capablanca Memorial GM 2019"]
[Site "Anogia"]
[Date "2019.09.16"]
[Round "6.4"]
[White "Patrelakis, Evaggelos"]
[Black "Manish Anto Cristiano F"]
[Result "1/2-1/2"]
[ECO "B99"]
[WhiteElo "2202"]
[BlackElo "2364"]
[Annotator "ChessBase"]
[PlyCount "52"]
[EventDate "2019.09.11"]
[EventType "tourn"]
[EventCountry "GRE"]
[SourceTitle "playchess.com"]
[Source "ChessBase"]
[SourceQuality "1"]
[TimeControl "40/5400+30:1800+30"]

1. e4 c5 2. Nf3 d6 3. d4 cxd4 4. Nxd4 Nf6 5. Nc3 a6 6. Bg5 e6 7. f4 Nbd7 8. Qf3 Qc7 9. O-O-O b5 10. Bd3 Bb7 11. Rhe1 Be7 12. Qg3 b4 13. Nd5 exd5 14. exd5 Kd8 15. Nc6+ Bxc6 16. dxc6 Nc5 17. Bc4 Kc8 18. Bh4 g6 19. Bxf7 Kb8 20. Qe3 Bd8 21. Qd4 Rf8 22. Qxb4+ Ka7 23. Bf2 Rb8 24. Bxc5+ dxc5 25. Qxc5+ Qb6 26. Qxb6+ Kxb6 1/2-1/2

[Event "7th Capablanca Memorial GM 2019"]
[Site "Anogia"]
[Date "2019.09.16"]
[Round "6.5"]
[White "Ioannidis, Evgenios"]
[Black "Anagnostopoulos, Konstantinos"]
[Result "1-0"]
[ECO "D38"]
[WhiteElo "2390"]
[BlackElo "2322"]
[Annotator "NA"]
[PlyCount "41"]
[EventDate "2019.09.11"]
[EventType "tourn"]
[EventCountry "GRE"]
[SourceTitle "playchess.com"]
[Source "ChessBase"]
[SourceQuality "1"]
[TimeControl "40/5400+30:1800+30"]

1. d4 Nf6 2. c4 e6 3. Nf3 d5 4. Nc3 Bb4 5. Qa4+ Nc6 6. Bg5 h6 7. Bxf6 Qxf6 8. cxd5 exd5 9. e3 O-O 10. Rc1 Qg6 11. Qd1 f5 12. g3 f4 13. gxf4 Bg4 14. Be2 Rae8 15. Rg1 Qh5 16. Ne5 Bxe2 17. Qxe2 Bxc3+ 18. Rxc3 Qxh2 19. Qg4 g5 20. Rc1 Nxd4 21. Rg2 1-0

[Event "7th Capablanca Memorial GM 2019"]
[Site "Anogia"]
[Date "2019.09.17"]
[Round "7.1"]
[White "Anagnostopoulos, Konstantinos"]
[Black "Moiseenko, Vadim"]
[Result "1-0"]
[ECO "A35"]
[WhiteElo "2322"]
[BlackElo "2543"]
[Annotator "RC"]
[PlyCount "76"]
[EventDate "2019.09.11"]
[EventType "tourn"]
[EventCountry "GRE"]
[SourceTitle "playchess.com"]
[Source "ChessBase"]
[SourceQuality "1"]
[TimeControl "40/5400+30:1800+30"]

1. c4 c5 2. Nf3 Nf6 3. Nc3 Nc6 4. e3 g6 5. d4 cxd4 6. exd4 d5 7. cxd5 Nxd5 8. Qb3 Nxc3 9. Bc4 Nd5 10. Bxd5 e6 11. Bxc6+ bxc6 12. O-O Be7 13. Bd2 Qd5 14. Rfe1 f6 15. Rac1 Bd7 16. Rc4 O-O 17. Bb4 Rab8 18. Qc3 Bxb4 19. Rxb4 Qxa2 20. Nd2 a5 21. Rxb8 Rxb8 22. Ne4 Qxb2 23. Nxf6+ Kg7 24. Qxb2 Rxb2 25. Nxd7 a4 26. Ra1 a3 27. g3 a2 28. Kg2 g5 29. Ne5 Rc2 30. Nd3 h5 31. Kf3 Kf6 32. h3 h4 33. gxh4 gxh4 34. Ke4 Re2+ 35. Kf4 Rc2 36. f3 Rd2 37. Ke3 Rc2 38. Nc1 Rb2 1-0

[Event "7th Capablanca Memorial GM 2019"]
[Site "Anogia"]
[Date "2019.09.17"]
[Round "7.2"]
[White "Manish Anto Cristiano F"]
[Black "Ioannidis, Evgenios"]
[Result "1/2-1/2"]
[ECO "B19"]
[WhiteElo "2364"]
[BlackElo "2390"]
[Annotator "ChessBase"]
[PlyCount "152"]
[EventDate "2019.09.11"]
[EventType "tourn"]
[EventCountry "GRE"]
[SourceTitle "playchess.com"]
[Source "ChessBase"]
[SourceQuality "1"]
[TimeControl "40/5400+30:1800+30"]

1. e4 c6 2. d4 d5 3. Nc3 dxe4 4. Nxe4 Bf5 5. Ng3 Bg6 6. h4 h6 7. Nf3 Nd7 8. h5 Bh7 9. Bd3 Bxd3 10. Qxd3 e6 11. Bd2 Bd6 12. Ne4 Bc7 13. O-O-O Ngf6 14. Kb1 Nxe4 15. Qxe4 Nf6 16. Qd3 Qd5 17. c4 Qe4 18. Qxe4 Nxe4 19. Be3 O-O 20. Ne5 Rfd8 21. g4 f5 22. Rhg1 f4 23. Bxf4 Nxf2 24. Rdf1 Nh3 25. Rh1 Nxf4 26. Rxf4 c5 27. Re1 cxd4 28. Rf3 Bxe5 29. Rxe5 d3 30. Kc1 Rd4 31. Kd2 Rad8 32. g5 hxg5 33. Rxg5 Rxc4 34. h6 Rc2+ 35. Kd1 Rc7 36. Rfg3 Rdd7 37. Rxg7+ Rxg7 38. hxg7 Rxg7 39. Rxd3 Kf7 40. Rf3+ Ke7 41. Rf2 e5 42. Ke2 Ke6 43. Ke3 Rg3+ 44. Ke4 Rg4+ 45. Ke3 Ra4 46. b3 Rh4 47. Rg2 Kd5 48. Rd2+ Rd4 49. Rc2 a5 50. Rc7 b6 51. Rd7+ Kc5 52. Re7 Rd5 53. Ke4 Rd2 54. a3 Rd4+ 55. Ke3 Kd6 56. Rb7 Kc6 57. Re7 Rd5 58. Re6+ Kb7 59. a4 Kc7 60. Ke4 Rd4+ 61. Kxe5 Rd3 62. Ke4 Rxb3 63. Kd5 Rb4 64. Re7+ Kd8 65. Re4 Rxe4 66. Kxe4 Kc7 67. Kd5 Kd7 68. Kc4 Kc6 69. Kd4 b5 70. axb5+ Kxb5 71. Kc3 a4 72. Kb2 Kb4 73. Ka2 a3 74. Ka1 Kb3 75. Kb1 a2+ 76. Ka1 Ka3 1/2-1/2

[Event "7th Capablanca Memorial GM 2019"]
[Site "Anogia"]
[Date "2019.09.17"]
[Round "7.3"]
[White "Dushyant Sharma"]
[Black "Patrelakis, Evaggelos"]
[Result "1-0"]
[ECO "B82"]
[WhiteElo "2242"]
[BlackElo "2202"]
[Annotator "ChessBase"]
[PlyCount "128"]
[EventDate "2019.09.11"]
[EventType "tourn"]
[EventCountry "GRE"]
[SourceTitle "playchess.com"]
[Source "ChessBase"]
[SourceQuality "1"]
[TimeControl "40/5400+30:1800+30"]

1. e4 c5 2. Nf3 d6 3. d4 cxd4 4. Nxd4 Nf6 5. Nc3 e6 6. f4 a6 7. Nf3 Qc7 8. Bd3 b5 9. a3 Bb7 10. O-O Be7 11. Qe1 Nc6 12. Kh1 b4 13. Ne2 bxa3 14. bxa3 O-O 15. Ng3 Nd7 16. Bb2 e5 17. Nf5 Bf6 18. Ne3 exf4 19. Nd5 Qd8 20. Nxf6+ Nxf6 21. Rb1 Bc8 22. e5 dxe5 23. Nxe5 Nxe5 24. Qxe5 Qd5 25. Qxf4 Bb7 26. Qg3 Nh5 27. Qh3 g6 28. Rf2 Bc8 29. Qh4 Be6 30. Rbf1 Rab8 31. Bd4 Rfd8 32. c3 a5 33. Be2 h6 34. Bxh5 Qxh5 35. Qf6 Rxd4 36. cxd4 Rc8 37. Re1 Qd5 38. Rfe2 Rc6 39. h3 h5 40. Rd2 Rc8 41. Qe5 a4 42. Qg3 Qa5 43. Rde2 Rc3 44. Re3 Rxe3 45. Rxe3 Qd5 46. Qe5 Qc4 47. Kh2 Bd5 48. Qf6 Be6 49. Re5 Kh7 50. Qf4 Qa2 51. Qf3 Qb2 52. Qe3 Qb8 53. Qg3 Qa8 54. Rb5 Qe4 55. Qe5 Qxe5+ 56. Rxe5 Kg7 57. d5 Bd7 58. d6 Kf6 59. Re7 Bc6 60. h4 Bd5 61. Kg3 Bc6 62. Kf2 Bd5 63. g3 Bc6 64. Ke3 Bb5 1-0

[Event "7th Capablanca Memorial GM 2019"]
[Site "Anogia"]
[Date "2019.09.17"]
[Round "7.4"]
[White "David, Alberto"]
[Black "Audi Ameya"]
[Result "1-0"]
[ECO "A70"]
[WhiteElo "2533"]
[BlackElo "2329"]
[Annotator "RC"]
[PlyCount "89"]
[EventDate "2019.09.11"]
[EventType "tourn"]
[EventCountry "GRE"]
[SourceTitle "playchess.com"]
[Source "ChessBase"]
[SourceQuality "1"]
[TimeControl "40/5400+30:1800+30"]

1. d4 Nf6 2. c4 c5 3. d5 e6 4. Nc3 exd5 5. cxd5 d6 6. Nf3 g6 7. Bf4 Bg7 8. Qa4+ Bd7 9. Qb3 Qc7 10. e4 O-O 11. Nd2 Re8 12. Be2 b5 13. Bxb5 Nh5 14. Be3 f5 15. g3 fxe4 16. Be2 a5 17. a4 Na6 18. Ndxe4 Rab8 19. Qd1 Nb4 20. O-O Bh3 21. Re1 Bf5 22. Bxh5 gxh5 23. f3 c4 24. Nb5 Qd7 25. Nexd6 Rxb5 26. Nxb5 Nc2 27. Qd2 Bxb2 28. Rad1 Bd3 29. Bc5 Rxe1+ 30. Rxe1 Nxe1 31. Qxe1 Bf6 32. Bd4 Bxd4+ 33. Nxd4 Qxd5 34. Qe8+ Kg7 35. Qe7+ Kg6 36. Ne6 Kf5 37. Ng7+ Kg6 38. Ne6 Kf5 39. h4 c3 40. Ng7+ Kg6 41. Ne6 Kf5 42. Nf4 Qg8 43. Qd7+ Kf6 44. Qd6+ Kf7 45. Qe6+ 1-0

[Event "7th Capablanca Memorial GM 2019"]
[Site "Anogia"]
[Date "2019.09.17"]
[Round "7.5"]
[White "Osmak, Iulija"]
[Black "Mirzoev, Emil"]
[Result "1/2-1/2"]
[ECO "D94"]
[WhiteElo "2408"]
[BlackElo "2477"]
[Annotator "ChessBase"]
[PlyCount "29"]
[EventDate "2019.09.11"]
[EventType "tourn"]
[EventCountry "GRE"]
[SourceTitle "playchess.com"]
[Source "ChessBase"]
[SourceQuality "1"]
[TimeControl "40/5400+30:1800+30"]

1. Nf3 Nf6 2. c4 g6 3. Nc3 Bg7 4. d4 d5 5. e3 O-O 6. Be2 c5 7. dxc5 dxc4 8. Qxd8 Rxd8 9. Bxc4 Nbd7 10. c6 bxc6 11. Bd2 Nb6 12. Be2 Nfd5 13. Rc1 Nb4 14. O-O Nd3 15. Bxd3 1/2-1/2

[Event "7th Capablanca Memorial GM 2019"]
[Site "Anogia"]
[Date "2019.09.18"]
[Round "8.1"]
[White "Moiseenko, Vadim"]
[Black "Mirzoev, Emil"]
[Result "1/2-1/2"]
[ECO "D80"]
[WhiteElo "2543"]
[BlackElo "2477"]
[Annotator "ChessBase"]
[PlyCount "32"]
[EventDate "2019.09.11"]
[EventType "tourn"]
[EventCountry "GRE"]
[SourceTitle "playchess.com"]
[Source "ChessBase"]
[SourceQuality "1"]
[TimeControl "40/5400+30:1800+30"]

1. d4 Nf6 2. c4 g6 3. Nc3 d5 4. Qa4+ Nc6 5. Nf3 Bg7 6. Bf4 O-O 7. e3 Bg4 8. Ne5 Bd7 9. Nxd7 Qxd7 10. cxd5 Nxd5 11. Nxd5 Qxd5 12. Qb5 Qxb5 13. Bxb5 e5 14. dxe5 Bxe5 15. Bxe5 Nxe5 16. Ke2 c6 1/2-1/2

[Event "7th Capablanca Memorial GM 2019"]
[Site "Anogia"]
[Date "2019.09.18"]
[Round "8.2"]
[White "Audi Ameya"]
[Black "Osmak, Iulija"]
[Result "1/2-1/2"]
[ECO "C18"]
[WhiteElo "2329"]
[BlackElo "2408"]
[Annotator "NA"]
[PlyCount "130"]
[EventDate "2019.09.11"]
[EventType "tourn"]
[EventCountry "GRE"]
[SourceTitle "playchess.com"]
[Source "ChessBase"]
[SourceQuality "1"]
[TimeControl "40/5400+30:1800+30"]

1. e4 e6 2. d4 d5 3. Nc3 Bb4 4. e5 Ne7 5. a3 Bxc3+ 6. bxc3 c5 7. Qg4 Kf8 8. a4 Qc7 9. Qd1 b6 10. Nf3 h6 11. h4 Ba6 12. Bb5 cxd4 13. cxd4 Bxb5 14. axb5 Qc4 15. Qd3 Qxd3 16. cxd3 a5 17. Ba3 Ke8 18. Kd2 Kd7 19. Rhc1 Ra7 20. Rc3 Rc8 21. Rxc8 Kxc8 22. Bd6 Rb7 23. g4 Kd8 24. h5 Nd7 25. Rg1 f6 26. exf6 Nxf6 27. Be5 Ne8 28. Ne1 Nc8 29. Nc2 Ncd6 30. Na3 Ke7 31. f4 Nf6 32. Rh1 Nxg4 33. Bxg7 Nf5 34. Be5 Nxe5 35. dxe5 Kd8 36. Rc1 Rc7 37. Nc2 Rc5 38. Rg1 Rxb5 39. Rg6 Ke7 40. Ne3 Nxe3 41. Kxe3 a4 42. Rxh6 a3 43. Rh7+ Kf8 44. h6 Ra5 45. Rc7 Kg8 46. Rc1 Kh7 47. f5 a2 48. Ra1 Kxh6 49. f6 Kg6 50. d4 Ra4 51. Kd3 Kf7 52. Kc3 b5 53. Kb3 Rxd4 54. Rxa2 Rf4 55. Rg2 Rf5 56. Re2 Rf4 57. Rg2 Re4 58. Rg5 b4 59. Ka4 Kf8 60. Kb3 Kf7 61. Rg7+ Kf8 62. Rg5 Rf4 63. Ka4 Re4 64. Kb3 Rf4 65. Ka4 Re4 1/2-1/2

[Event "7th Capablanca Memorial GM 2019"]
[Site "Anogia"]
[Date "2019.09.18"]
[Round "8.3"]
[White "Patrelakis, Evaggelos"]
[Black "David, Alberto"]
[Result "1/2-1/2"]
[ECO "B41"]
[WhiteElo "2202"]
[BlackElo "2533"]
[Annotator "ChessBase"]
[PlyCount "30"]
[EventDate "2019.09.11"]
[EventType "tourn"]
[EventCountry "GRE"]
[SourceTitle "playchess.com"]
[Source "ChessBase"]
[SourceQuality "1"]
[TimeControl "40/5400+30:1800+30"]

1. e4 c5 2. Nf3 a6 3. c4 e6 4. Nc3 Qc7 5. d4 cxd4 6. Nxd4 Nf6 7. a3 b6 8. Be3 Bb7 9. f3 d6 10. Be2 Be7 11. O-O O-O 12. Qd2 Nbd7 13. Rfc1 Rfc8 14. b4 Qd8 15. Nb3 h6 1/2-1/2

[Event "7th Capablanca Memorial GM 2019"]
[Site "Anogia"]
[Date "2019.09.18"]
[Round "8.4"]
[White "Ioannidis, Evgenios"]
[Black "Dushyant Sharma"]
[Result "1/2-1/2"]
[ECO "C54"]
[WhiteElo "2390"]
[BlackElo "2242"]
[Annotator "NA"]
[PlyCount "206"]
[EventDate "2019.09.11"]
[EventType "tourn"]
[EventCountry "GRE"]
[SourceTitle "playchess.com"]
[Source "ChessBase"]
[SourceQuality "1"]
[TimeControl "40/5400+30:1800+30"]

1. e4 e5 2. Nf3 Nc6 3. Bc4 Bc5 4. c3 Nf6 5. d3 O-O 6. O-O d5 7. exd5 Nxd5 8. a4 Nb6 9. Bb3 a5 10. Re1 Bg4 11. h3 Bh5 12. Nbd2 Qxd3 13. Nxe5 Qg3 14. Qxh5 Qxf2+ 15. Kh2 Bd6 16. Ndf3 Nxe5 17. Rxe5 Nd7 18. Bf4 Nxe5 19. Bxe5 Bxe5+ 20. Nxe5 Qf4+ 21. Kh1 g6 22. Nd3 Qe3 23. Qd1 Rad8 24. Bc4 Qe4 25. b3 Qf5 26. Qf1 Qxf1+ 27. Rxf1 Kh8 28. Ne5 Kg7 29. Rxf7+ Rxf7 30. Nxf7 Rd1+ 31. Kh2 Kf6 32. h4 c6 33. Ng5 Rc1 34. Ne4+ Ke7 35. Kg3 Rb1 36. Kf4 h6 37. Ke5 b6 38. g3 Rb2 39. Kf4 Rb1 40. Kg4 Rh1 41. Kf3 Rb1 42. Ke3 b5 43. axb5 cxb5 44. Bxb5 Rxb3 45. Ba4 Ra3 46. Bc2 a4 47. Kd2 Ra1 48. Nc5 a3 49. Nb3 Rg1 50. Bxg6 a2 51. Kc2 Rb1 52. Na1 Rxa1 53. Kb2 Rg1 54. Kxa2 Rxg3 55. h5 Rxc3 56. Kb2 Rc5 57. Kb3 Rc6 58. Be4 Re6 59. Bf5 Rc6 60. Be4 Rc7 61. Kb4 Kd6 62. Bg6 Kd5 63. Be8 Rc5 64. Bf7+ Kd4 65. Bg6 Re5 66. Kb3 Ra5 67. Kc2 Ra2+ 68. Kd1 Ke3 69. Bf7 Rd2+ 70. Ke1 Rf2 71. Bg6 Ra2 72. Kf1 Re2 73. Be8 Rf2+ 74. Kg1 Kf3 75. Bf7 Kg3 76. Bg6 Rf8 77. Bh7 Rf6 78. Bg6 Rf2 79. Bh7 Rg2+ 80. Kf1 Rf2+ 81. Kg1 Rf6 82. Bg6 Rf4 83. Bh7 Kf3 84. Bg6 Ke2 85. Kg2 Rg4+ 86. Kh3 Kf3 87. Bf7 Rg3+ 88. Kh4 Rg1 89. Bd5+ Kf4 90. Bc6 Rg4+ 91. Kh3 Rg3+ 92. Kh4 Rc3 93. Be8 Rc8 94. Bf7 Rc7 95. Be8 Re7 96. Bg6 Kf3 97. Kh3 Re1 98. Kh2 Rc1 99. Bf7 Kg4 100. Kg2 Rc2+ 101. Kf1 Kf3 102. Ke1 Re2+ 103. Kd1 Re5 1/2-1/2

[Event "7th Capablanca Memorial GM 2019"]
[Site "Anogia"]
[Date "2019.09.18"]
[Round "8.5"]
[White "Anagnostopoulos, Konstantinos"]
[Black "Manish Anto Cristiano F"]
[Result "1-0"]
[ECO "A34"]
[WhiteElo "2322"]
[BlackElo "2364"]
[Annotator "NA"]
[PlyCount "59"]
[EventDate "2019.09.11"]
[EventType "tourn"]
[EventCountry "GRE"]
[SourceTitle "playchess.com"]
[Source "ChessBase"]
[SourceQuality "1"]
[TimeControl "40/5400+30:1800+30"]

1. c4 c5 2. Nf3 Nc6 3. Nc3 e5 4. e3 Nf6 5. d4 cxd4 6. exd4 e4 7. Ne5 Be7 8. Be2 O-O 9. O-O d6 10. Nxc6 bxc6 11. f3 d5 12. c5 exf3 13. Bxf3 a5 14. a3 Bf5 15. Bxd5 Bg4 16. Bf3 Bxf3 17. Rxf3 Ra7 18. Qa4 Qd7 19. Qc4 Rb7 20. b4 Rd8 21. Be3 axb4 22. axb4 Rdb8 23. Rb1 Bd8 24. Bf4 Ra8 25. Be5 Ra3 26. b5 cxb5 27. c6 bxc4 28. cxb7 Ne8 29. b8=Q f6 30. Qb4 1-0

[Event "7th Capablanca Memorial GM 2019"]
[Site "Anogia"]
[Date "2019.09.19"]
[Round "9.2"]
[White "Dushyant Sharma"]
[Black "Anagnostopoulos, Konstantinos"]
[Result "1/2-1/2"]
[ECO "C49"]
[WhiteElo "2242"]
[BlackElo "2322"]
[Annotator "ChessBase"]
[PlyCount "32"]
[EventDate "2019.09.11"]
[EventType "tourn"]
[EventCountry "GRE"]
[SourceTitle "playchess.com"]
[Source "ChessBase"]
[SourceQuality "1"]
[TimeControl "40/5400+30:1800+30"]

1. e4 e5 2. Nf3 Nc6 3. Nc3 Nf6 4. Bb5 Bb4 5. O-O O-O 6. d3 Bxc3 7. bxc3 d6 8. Bg5 Qe7 9. Re1 a6 10. Bc4 h6 11. Bh4 Be6 12. Bb3 Na5 13. d4 Bg4 14. Qd2 Bxf3 15. gxf3 Nxb3 16. cxb3 Qe6 1/2-1/2

[Event "7th Capablanca Memorial GM 2019"]
[Site "Anogia"]
[Date "2019.09.19"]
[Round "9.3"]
[White "David, Alberto"]
[Black "Ioannidis, Evgenios"]
[Result "1/2-1/2"]
[ECO "A14"]
[WhiteElo "2533"]
[BlackElo "2390"]
[Annotator "ChessBase"]
[PlyCount "38"]
[EventDate "2019.09.11"]
[EventType "tourn"]
[EventCountry "GRE"]
[SourceTitle "playchess.com"]
[Source "ChessBase"]
[SourceQuality "1"]
[TimeControl "40/5400+30:1800+30"]

1. c4 e6 2. g3 Nf6 3. Bg2 d5 4. Nf3 Be7 5. O-O O-O 6. b3 c5 7. e3 Nc6 8. Bb2 b6 9. Qe2 Ba6 10. d3 Rc8 11. Rd1 Qc7 12. Nc3 Rfd8 13. Rac1 Qb8 14. Nb5 Bb7 15. Ba1 h6 16. Bb2 Ba6 17. Bh3 Bb7 18. Bg2 Ba6 19. Bh3 Bb7 1/2-1/2

[Event "7th Capablanca Memorial GM 2019"]
[Site "Anogia"]
[Date "2019.09.19"]
[Round "9.4"]
[White "Osmak, Iulija"]
[Black "Patrelakis, Evaggelos"]
[Result "0-1"]
[ECO "B81"]
[WhiteElo "2408"]
[BlackElo "2202"]
[Annotator "ChessBase"]
[PlyCount "56"]
[EventDate "2019.09.11"]
[EventType "tourn"]
[EventCountry "GRE"]
[SourceTitle "playchess.com"]
[Source "ChessBase"]
[SourceQuality "1"]
[TimeControl "40/5400+30:1800+30"]

1. e4 c5 2. Nf3 d6 3. d4 cxd4 4. Nxd4 Nf6 5. Nc3 e6 6. g4 e5 7. Nf5 h5 8. g5 Nxe4 9. Nxg7+ Bxg7 10. Nxe4 d5 11. Nc3 Be6 12. Bg2 e4 13. Bf4 Nc6 14. Qd2 O-O 15. O-O Nd4 16. Ne2 Nf3+ 17. Bxf3 exf3 18. Nd4 Bh3 19. Rfd1 Qd7 20. Bg3 h4 21. Bxh4 Rae8 22. Bg3 Qg4 23. Qd3 Bxd4 24. Qxd4 Re1+ 25. Rxe1 Qxd4 26. c3 Qg4 27. Rad1 Bf1 28. Rxf1 Qh3 0-1

[Event "7th Capablanca Memorial GM 2019"]
[Site "Anogia"]
[Date "2019.09.19"]
[Round "9.5"]
[White "Mirzoev, Emil"]
[Black "Audi Ameya"]
[Result "1/2-1/2"]
[ECO "A49"]
[WhiteElo "2477"]
[BlackElo "2329"]
[Annotator "ChessBase"]
[PlyCount "30"]
[EventDate "2019.09.11"]
[EventType "tourn"]
[EventCountry "GRE"]
[SourceTitle "playchess.com"]
[Source "ChessBase"]
[SourceQuality "1"]
[TimeControl "40/5400+30:1800+30"]

1. Nf3 Nf6 2. g3 g6 3. b3 Bg7 4. Bb2 d6 5. d4 c5 6. Bg2 cxd4 7. Nxd4 d5 8. c4 dxc4 9. bxc4 Qb6 10. Qc1 Ne4 11. Bxe4 Bxd4 12. Bxd4 Qxd4 13. Qc3 Qxc3+ 14. Nxc3 Na6 15. Bg2 Nc5 1/2-1/2